 Dungeon Crawl Stone Soup version 0.18-a0-1140-g8540535 (webtiles) character file.

249 Reinor the Insei (level 6, -4/38 HPs)
             Began as an Octopode Transmuter on Jan 21, 2016.
             Slain by Blork the orc
             ... wielding a +2 battleaxe of venom
              (20 damage)
             ... on level 4 of the Dungeon.
             The game lasted 00:09:50 (2511 turns).

Reinor the Insei (Octopode Transmuter)              Turns: 2511, Time: 00:09:50

Health: -4/38      AC:  1    Str:  9    XL:     6   Next: 12%
Magic:  9/9        EV: 12    Int: 17    God:
Gold:   258        SH:  0    Dex: 13    Spells: 2 memorised, 5 levels left

rFire  . . .     SeeInvis +       - Unarmed
rCold  . . .     Gourm    .     (no shield)
rNeg   . . .     Faith    .     (helmet restricted)
rPois  .         Spirit   .     j - amulet of rage
rElec  .         Dismiss  .     e - ring of see invisible
rCorr  .         Reflect  .     (no ring)
SustAt .         Harm     .     (no ring)
MR     .....                    (no ring)
Stlth  ++........               (no ring)
                                (no ring)
                                (no ring)
                                (no ring)

@: not resistant to hostile enchantments, unstealthy
A: almost no armour, amphibious, 8 rings, constrict 8, camouflage 1, gelatinous
body 1
a: Evoke Berserk Rage


You were on level 4 of the Dungeon.
You were not hungry.

You visited 1 branch of the dungeon, and saw 4 of its levels.

You collected 258 gold pieces.

Inventory:

Missiles
 a - 39 arrows
Jewellery
 e - a ring of see invisible (left tentacle)
 j - an amulet of rage (around mantle)
Wands
 l - a wand of teleportation (2/9)
Scrolls
 d - a scroll of enchant armour {unknown}
 o - a scroll of enchant weapon {unknown}
 r - a scroll of teleportation
 s - 2 scrolls of recharging {unknown}
 t - a scroll of random uselessness {unknown}
 u - a scroll of amnesia
Potions
 f - 2 potions of flight
 k - a potion of resistance
 m - a potion of brilliance
 p - a potion of heal wounds {unknown}
 q - a potion of poison {unknown}
Books
 b - a book of Changes

   Spells                             Type                      Level
   a - Beastly Appendage              Transmutation                1
   b - Sticks to Snakes               Transmutation                2
   c - Spider Form                    Transmutation/Poison         3
   d - Ice Form                       Ice/Transmutation            4
   e - Blade Hands                    Transmutation                5
Comestibles
 c - 2 bread rations
 g - 2 royal jellies
 h - a beef jerky
 i - 2 fruits
 n - a meat ration
 v - a chunk of flesh


   Skills:
 - Level 1.0 Fighting
 - Level 2.0 Dodging
 - Level 6.1 Unarmed Combat
 - Level 2.0 Spellcasting
 - Level 2.0 Transmutations
 + Level 2.6 Poison Magic


You had 5 spell levels left.
You knew the following spells:

 Your Spells              Type           Power        Failure   Level  Hunger
a - Beastly Appendage     Trmt           #.....       10%         1    #......
b - Spider Form           Trmt/Pois      #.........   24%         3    ###....


Dungeon Overview and Level Annotations

Branches:
Dungeon (4/15)
 Temple: D:4-7

Altars:
Zin

Shops:
D:2 *

Annotations:
D:4 Blork the orc; FIQ's ghost, amateur DgIE


Innate Abilities, Weirdness & Mutations

You cannot wear most types of armour.
You are amphibious.
You can wear up to eight rings at the same time.
You can use your tentacles to constrict eight enemies at once.
Your skin changes colour to match your surroundings (Stealth).
Your rubbery body absorbs attacks (AC +1).


Message History

You kill the adder!
Press: ? - help, v - describe, . - travel The floor.
Put on which piece of jewellery? (? for menu, Esc to quit)
Okay, then.
Okay, then.
FIQ's ghost points at you and mumbles some strange words.
The puff of frost hits you!
FIQ's ghost gestures at you while chanting.
The puff of frost misses you.
Found a scroll of identify.
Blork the orc comes into view.
He is wielding a battleaxe of venom.
Blork the orc shouts!
Blork the orc casts a spell.
Blork the orc seems to speed up.
Found 14 gold pieces.
Blork the orc barely misses you.
Blork the orc hits you with a battleaxe of venom!!
Ouch! That really hurt!
You die...

.##.#.#........########W####.#
........#.#######.W......?.....
#..#.###..## #.####....#....
#..........# #.# #....# ..
#..<...#.[.# #.# #....#
##.#####...# #.# #....# ...
...#.# #.# ##.### ###.
#####..####.#####.# #.
#.....@o....... #.
#...###.#####.# .. #.#.# ....
.. #.### #.$ ###


You could see Blork the orc and FIQ's ghost.

Vanquished Creatures
  2 hounds
  Terence (D:2)
  Ijyb (D:2)
  Robin (D:2)
  3 adders
  2 oozes
  3 worms
  3 giant geckos
  2 ball pythons
  8 giant cockroaches
  14 goblins
  9 hobgoblins
  5 jackals (D:3)
  A quokka (D:3)
  11 bats
  5 giant newts
  3 kobolds
  9 rats
83 creatures vanquished.

Notes
Turn   | Place    | Note
--------------------------------------------------------------
     0 | D:1      | Reinor the Octopode Transmuter began the quest for the Orb.
     0 | D:1      | Reached XP level 1. HP: 13/13 MP: 3/3
   132 | D:1      | Reached XP level 2. HP: 6/18 MP: 5/5
   509 | D:1      | Reached skill level 4 in Unarmed Combat
   559 | D:1      | Reached XP level 3. HP: 20/23 MP: 6/6
   564 | D:1      | Learned a level 3 spell: Spider Form
   928 | D:2      | Noticed Terence
  1000 | D:2      | Noticed Ijyb
  1015 | D:2      | Killed Ijyb
  1015 | D:2      | Reached XP level 4. HP: 20/28 MP: 2/7
  1103 | D:2      | Reached skill level 5 in Unarmed Combat
  1216 | D:2      | Found a glowing silver altar of Zin.
  1217 | D:2      | Found Zin's Purification Station.
  1281 | D:2      | Noticed Robin
  1294 | D:2      | Killed Robin
  1358 | D:2      | Reached XP level 5. HP: 25/33 MP: 6/8
  1365 | D:2      | Killed Terence
  1748 | D:3      | Reached skill level 6 in Unarmed Combat
  2022 | D:3      | Reached skill level 1 in Poison Magic
  2193 | D:3      | Found a faded altar to an unknown god.
  2470 | D:4      | Reached XP level 6. HP: 24/38 MP: 9/9
  2482 | D:4      | Noticed FIQ's ghost (amateur DgIE)
  2507 | D:4      | Noticed Blork the orc
  2511 | D:4      | Slain by Blork the orc

Vault maps used:
D:1:      dpeg_arrival_stone_temple_mockup
D:2:      zin_purify, minmay_misc_feat_columns, uniq_terence, uniq_robin,
          uniq_iyjb
D:3:      ecumenical_altar_1, minmay_misc_feat_diagonals
D:4:      kennysheep_big_flooded_room, nemelex_altar_shiori, uniq_blork_the_orc

Action                   |  1- 3 |  4- 6 || total
-------------------------+-------+-------++-------
Melee: Unarmed           |    67 |   101 ||   168
 Cast: Beastly Appendage |     1 |     1 ||     2
  Use: Scroll            |     5 |     3 ||     8
 Stab: Sleeping          |     3 |     8 ||    11
  Eat: Chunk             |       |     5 ||     5
